 Dungeon Crawl Stone Soup version 0.28.0-45-g0d030f2227 (webtiles) character file.

Game seed: 12180197380841218017

5796 MisterFreud the Fighter (level 10, -2/95 HPs)
             Began as a Palentonga Fighter on Apr 11, 2022.
             Was an Initiate of Ru.
             Slain by a troll (11 damage)
             ... on level 8 of the Dungeon.
             The game lasted 00:14:29 (12268 turns).

MisterFreud the Fighter (Palentonga Fighter)       Turns: 12268, Time: 00:14:29

Health: -2/95      AC: 16    Str: 22    XL:     10   Next: 50%
Magic:  10/10      EV:  8    Int:  8    God:    Ru [......]
Gold:   617        SH:  5    Dex: 12    Spells: 9/9 levels left

rFire   . . .      SeeInvis +   i - +1 hand axe (vorpal)
rCold   . . .      Faith    .   c - +0 buckler
rNeg    . . .      Spirit   .   K - +0 acid dragon scales
rPois   +          Reflect  .   y - +0 helmet
rElec   .          Harm     .   (no cloak)
rCorr   +          Rampage  .   j - +0 pair of gloves
Will    .....                   (no barding)
Stlth   ..........              (no amulet)
HPRegen 0.25/turn               G - ring of poison resistance
MPRegen 0.12/turn               (no ring)

@: curled up
A: large, rugged brown scales 3, see invisible, deformed body, no stealth, roll
1, armoured tail, reflexive curl
a: Rolling Charge, Renounce Religion


You were on level 8 of the Dungeon.
You worshipped Ru.
Ru was noncommittal.
You visited 2 branches of the dungeon, and saw 10 of its levels.
You also visited: Sewer.

You collected 641 gold pieces.
You spent 24 gold pieces at shops.

Inventory:

Hand Weapons
 a - a +0 flail
 d - a +2 long sword of flaming
 i - a +1 vorpal hand axe (weapon)
 u - a +3 flail
 z - a +2 morningstar of protection
 J - a +5 morningstar
Missiles
 b - a curare-tipped dart
 q - 18 poisoned darts
 r - 10 boomerangs
 v - 6 javelins
 E - 2 throwing nets
Armour
 c - a +0 buckler (worn)
 j - a +0 pair of gloves (worn)
 o - an orb of wrath
 y - a +0 helmet (worn)
 K - +0 acid dragon scales (worn)
Jewellery
 G - a ring of poison resistance (left hand)
Wands
 w - a wand of iceblast (16)
 H - a wand of flame (3)
Scrolls
 g - 2 scrolls of teleportation
 k - 12 scrolls of identify
 l - 3 scrolls of vulnerability {unknown}
 n - 2 scrolls of enchant armour {unknown}
 s - a scroll of magic mapping {unknown}
 t - a scroll of blinking
 x - a scroll of amnesia {unknown}
 A - a scroll of brand weapon {unknown}
 B - a scroll of fog {unknown}
 D - a scroll of enchant weapon {unknown}
 F - a scroll of torment {unknown}
Potions
 e - 2 potions of haste
 f - a potion of degeneration
 h - a potion of attraction
 m - 2 potions of berserk rage
 p - 2 potions of curing
 C - a potion of brilliance
 I - a potion of flight


   Skills:
 + Level 11.8 Fighting
 - Level 7.6(8.0) Axes
 - Level 3.4(6.0) Maces & Flails
 - Level 5.0 Armour
 - Level 5.0 Shields


You had 9 spell levels left.
You didn't know any spells.
Your spell library contained the following spells:

 Spells                   Type           Power      Damage    Failure   Level
 Magic Dart               Conj           0%         1d3       54%         1
 Sting                    Tmut/Pois      0%         1d3       54%         1
 Poisonous Vapours        Pois/Air       0%         N/A       69%         2
 Searing Ray              Conj           0%         2d4       69%         2
 Static Discharge         Conj/Air       0%         N/A       69%         2
 Call Canine Familiar     Summ           0%         N/A       89%         3
 Portal Projectile        Hex/Tloc       0%         N/A       89%         3
 Dispel Undead            Necr           0%         3d6       100%        4
 Fulminant Prism          Conj/Hex       0%         3d6       100%        4
 Iskenderun's Mystic Bla  Conj/Tloc      0%         2d3       100%        4
 Leda's Liquefaction      Hex/Erth       0%         N/A       100%        4
 Olgreb's Toxic Radiance  Pois           0%         N/A       100%        4
 Sticky Flame             Conj/Fire      0%         2d3       100%        4
 Lee's Rapid Deconstruct  Erth           0%         3d5*      100%        5


Dungeon Overview and Level Annotations

Branches:
Dungeon (9/15)             Temple (1/1) D:7           Sewer (visited)
   Lair: D:8-11         Orc: D:9-12

Altars:
Ashenzari
Dithmenos
Elyvilon
Fedhas
Gozag
Makhleb
Ru
Trog
Uskayaw
Vehumet
Wu Jian
Xom
Zin

Shops:
D:1 !   D:4 ?


Innate Abilities, Weirdness & Mutations

You are completely covered in rugged brown scales. (AC +3, +7% HP)
You have supernaturally acute eyesight. (SInv)
Armour fits poorly on your strangely shaped body.
You cannot be stealthy.
You can roll at nearby foes to attack.
You have a long armoured tail.
You curl defensively after being hit. (AC +7*)


Message History

The orc warrior is severely wounded.
The orc warrior hits you but does no damage.
You hit the orc warrior but do no damage.
You tail-slap the orc warrior.
You kill the orc warrior!
You closely miss the orc.
The orc priest hits you from afar with a +0 trident!
There is a stone staircase leading up here.
You climb upwards.
There is a stone staircase leading down here.
You slash the troll!
The troll is moderately wounded.
The troll bites you! The troll claws you but does no damage.
The troll claws you.
You closely miss the troll.
Your tail-slap misses the troll.
The troll is moderately wounded.
The troll bites you but does no damage. The troll claws you!
The troll claws you but does no damage.
You slash the troll! You tail-slap the troll!
The troll is almost dead.
The troll barely misses you.
The troll claws you but does no damage. x2
You hit the troll but do no damage.
The troll is almost dead.
The troll bites you!
* * * LOW HITPOINT WARNING * * *
The troll closely misses you. You block the troll's attack.
You hit the troll but do no damage.
The troll is almost dead.
The troll closely misses you. The troll claws you but does no damage.
The troll claws you!
* * * LOW HITPOINT WARNING * * *
You hit the troll but do no damage.
The troll is almost dead.
The troll bites you but does no damage. The troll claws you!
* * * LOW HITPOINT WARNING * * *
The troll closely misses you.
You closely miss the troll.
The troll is severely wounded.
The troll bites you!
You die...

....)[.## ##..#...#.....##
.....[..# ##....#.....##
....##..## ##...#.....#####
.######..# ##............# ##
#..## #......#.###.. ##..#
####.....#...#.. ##..##
###........#...#..
####....#####.......#..#...#.#
####............@......#⌠...'##.⌠
.......####......T.....#.........
.....### #......#..#.#.#.......#
....## ##....[##..#...#.......#
...## #.....####.'...'..._...'
..## ##.....# ##.#...#.......#
#..## #......###..#####.....(.#
##..## ##.......##.....#.........
##..###.........#.....#⌠.##'.#.⌠


You could see a troll.

Vanquished Creatures
  Maggie (D:9)
  Psyche (D:9)
  Sigmund (D:6)
  A wyvern (D:7)
  3 yaks
  2 water moccasins
  2 black bears
  2 orc warriors
  4 sky beasts
  4 ogres
  A necrophage (D:7)
  5 centaurs
  2 kobold brigands
  A gnoll sergeant (D:6)
  3 bullfrogs
  A wyvern zombie (D:6)
  A wyvern skeleton (D:7)
  10 killer bees (D:8)
  9 wights
  6 howler monkeys
  2 bullfrog zombies (D:5)
  2 hounds (D:6)
  4 jellies
  3 centaur skeletons
  A gnoll shaman (D:7)
  5 orc priests
  A bullfrog skeleton (D:4)
  An iguana (D:6)
  9 orc wizards
  A killer bee zombie (D:6)
  A howler monkey zombie (D:7)
  9 gnolls
  A howler monkey skeleton (D:7)
  7 adders
  2 shadow imps (D:6)
  4 white imps
  2 ufetubi
  An adder skeleton (D:4)
  4 dart slugs
  39 orcs
  4 bats (D:1)
  20 endoplasms
  9 giant cockroaches
  7 goblins
  7 hobgoblins
  5 jackals
  17 quokkas
  14 ball pythons
  4 frilled lizards
  20 kobolds
  7 rats
273 creatures vanquished.

Vanquished Creatures (others)
  An orc (D:9)
  A kobold (D:9)
2 creatures vanquished.

Grand Total: 275 creatures vanquished

Notes
Turn   | Place    | Note
-------+----------+-------------------------------------------
     0 | D:1      | MisterFreud the Palentonga Fighter began the quest for the
                  | Orb.
     0 | D:1      | Reached XP level 1. HP: 19/19 MP: 1/1
    93 | D:1      | Reached XP level 2. HP: 25/25 MP: 2/2
   399 | D:1      | Found Atopt's Distillery.
   498 | D:1      | Found a faded altar of an unknown god.
   586 | D:2      | Reached XP level 3. HP: 28/31 MP: 3/3
   822 | D:2      | Reached skill level 1 in Axes
  1615 | D:3      | Reached XP level 4. HP: 35/36 MP: 4/4
  1642 | D:3      | Noticed a black bear
  1654 | D:3      | Killed a black bear
  1655 | D:3      | Reached XP level 5. HP: 12/43 MP: 5/5
  2047 | D:3      | Found a shadowy altar of Dithmenos.
  2640 | D:4      | Found a glowing drain.
  2668 | Sewer    | Entered a sewer
  2984 | Sewer    | Reached skill level 5 in Axes
  3097 | Sewer    | Reached XP level 6. HP: 50/50 MP: 6/6
  3282 | D:4      | Found an ornate altar of the Wu Jian Council.
  3761 | D:4      | Found Guczo's Magic Scroll Boutique.
  3771 | D:4      | Bought a scroll of identify for 24 gold pieces
  3871 | D:4      | Gained mutation: You curl defensively after being hit. (AC
                  | +7*) [Palentonga growth]
  3871 | D:4      | Reached XP level 7. HP: 28/55 MP: 7/7
  4593 | D:4      | Found a bloodstained altar of Trog.
  5062 | D:5      | Entered Level 5 of the Dungeon
  5163 | D:5      | Reached skill level 4 in Fighting
  5692 | D:5      | Reached skill level 5 in Fighting
  5692 | D:5      | Reached XP level 8. HP: 63/66 MP: 8/8
  5704 | D:5      | Found a glowing silver altar of Zin.
  5969 | D:6      | Reached skill level 6 in Fighting
  6158 | D:6      | Noticed Sigmund
  6395 | D:6      | Reached skill level 5 in Shields
  6601 | D:6      | Noticed a +0 hand axe
  6602 | D:6      | Found a hide-covered altar of Uskayaw.
  6602 | D:6      | Noticed a +0 dagger
  6826 | D:6      | Reached XP level 9. HP: 51/73 MP: 9/9
  7471 | D:6      | Killed Sigmund
  7499 | D:7      | Reached skill level 5 in Armour
  7794 | D:7      | Reached skill level 7 in Fighting
  7880 | D:7      | Found a shimmering altar of Xom.
  7882 | D:7      | Found a blossoming altar of Fedhas.
  8207 | D:7      | Reached skill level 8 in Fighting
  8435 | D:7      | Found an opulent altar of Gozag.
  8620 | D:7      | Found a staircase to the Ecumenical Temple.
  8809 | Temple   | Entered the Ecumenical Temple
  8815 | Temple   | Became a worshipper of Ru the Awakened
  8973 | D:8      | Found a broken altar of Ashenzari.
  9266 | D:8      | Reached skill level 9 in Fighting
  9777 | D:9      | Noticed Psyche
  9781 | D:9      | Noticed a troll
  9785 | D:9      | Killed Psyche
  9786 | D:9      | Reached skill level 10 in Fighting
  9786 | D:9      | Reached XP level 10. HP: 34/90 MP: 10/10
 10033 | D:9      | Gained mutation: You cannot be stealthy. [Ru sacrifice]
 10311 | D:9      | Found a white marble altar of Elyvilon.
 10315 | D:9      | Noticed Maggie
 10338 | D:9      | HP: 3/88 [Maggie/+2 long sword of flaming (5)]
 10338 | D:9      | HP: 1/88 [Maggie/+2 long sword of flaming (2)]
 10340 | D:9      | Killed Maggie
 11076 | D:8      | Reached skill level 11 in Fighting
 12268 | D:8      | Slain by a troll

Illustrated notes

Levels and vault maps discovered:
D:1:      eino_arrival_water_cross, layout_rooms, ebering_ecumenical_altar_webs,
          serial_shops, nicolae_shop_advertising_works
          [nicolae_subvault_shop_adworks]
D:2:      layout_loops_corners
D:3:      layout_loops_ring, nicolae_dithmenos_shadow_blocks, serial_aquarium,
          aquarium_bridge_square [aquarium_subvault_wall,
          aquarium_subvault_bridge, aquarium_subvault_bridge,
          aquarium_subvault_wall], aquarium_window_corner, aquarium_window_1,
          aquarium_view_2a, aquarium_view_2d,
          wander_ebering_terrifying_dragon_lair
D:4:      layout_basic, mainiacjoe_overflow_chevrons, general_overflow_altar,
          gup_sewer_entry_glass, serial_shops, nicolae_square_shop,
          kennysheep_generic_room_7
D:5:      minmay_general_purpose_star, layout_cave_pools, marbit_many_paths,
          hangedman_abyss_or_decor_stabs
D:6:      layout_loops_ring, dancing_weapons_uskayaw, uniq_sigmund
D:7:      layout_basic, mainiacjoe_overflow_small_starburst,
          chequers_temple_overflow_statue_of_worship, minmay_temple_entry_fiery
D:8:      layout_layer_cave, evilmike_ruin_ashenzari
D:9:      layout_roguey, elyvilon_altar_5, hiddenorc2_lemuel,
          lightli_bailey_entry_fortress, dk_rats_in_the_wall, uniq_grum,
          uniq_maggie, uniq_psyche
Temple:   eino_wide_crystal_templ

Skill      XL: |  1  2  3  4  5  6  7  8  9 10 |
---------------+-------------------------------+-----
Maces & Flails | 3 |  3.4
Axes           | 2 4 5 6 7 |  7.6
Fighting       | 5 6 10 11 | 11.8
Shields        | 5 |  5.0
Armour         | 4 5 |  5.0

Action                   |  1- 3 |  4- 6 |  7- 9 | 10-12 || total
-------------------------+-------+-------+-------+-------++-------
Melee: Flail             |    37 |       |       |       ||    37
       Tailslap          |     8 |    25 |    50 |    16 ||    99
       Hand axe          |    54 |   183 |   356 |   175 ||   768
Invok: Sacrifice Stealth |       |       |       |     1 ||     1
 Abil: Rolling Charge    |    27 |    22 |    50 |    11 ||   110
  Use: Scroll            |       |     5 |       |     3 ||     8
       Potion            |       |       |       |     5 ||     5
Armor: Scale mail        |    39 |    83 |   134 |    23 ||   279
       Acid dragon scale |       |       |       |    58 ||    58
Dodge: Dodged            |    18 |    57 |    80 |    60 ||   215
Block: Buckler           |    10 |    26 |    66 |    47 ||   149
